[Event "Titled Tuesday Blitz August 31 2021"]
[White "Fier, Alexandr"]
[Black "Mortazavi, Ali"]
[WhiteFideId "2107139"]
[BlackFideId "401323"]
[WhiteElo "2569"]
[BlackElo "2339"]
[Result "1-0"]
[Round "03"]
[TimeControl "180+1"]
[Date "2021.08.31"]
[WhiteClock "0:01:18"]
[BlackClock "0:00:06"]

1. d4 Nf6 2. c4 g6 3. Nc3 Bg7 4. e4 O-O 5. Be2 d6 6. Bg5 c5 7. d5 e6 8. Qd2 exd5 9. exd5 Qb6 10. Nf3 Bf5 11. Nh4 Ne4 12. Nxe4 Bxe4 13. f3 h6 14. Bxh6 Bxh6 15. Qxh6 Qxb2 16. Rc1 Re8 17. O-O Bc2 18. Rf2 Nd7 19. Bf1 Qd4 20. Rxc2 Re1 21. g3 Nf6 22. Re2 Rxe2 23. Bxe2 Re8 24. Kg2 Re5 25. Nxg6 1-0


[Site "https://www.chess.com"]

[Event "Titled Tuesday Blitz August 31 2021"]
[White "Gelman, Alexander"]
[Black "Ponikarovsky, Alexey"]
[WhiteFideId "4118316"]
[BlackFideId "4122887"]
[WhiteElo "2375"]
[BlackElo "1944"]
[Result "1-0"]
[Round "03"]
[TimeControl "180+1"]
[Date "2021.08.31"]
[WhiteClock "0:00:25"]
[BlackClock "0:01:06"]

1. d4 d5 2. Nc3 Nf6 3. Bf4 e6 4. Nb5 Bb4+ 5. c3 Ba5 6. a4 a6 7. b4 axb5 8. axb5 Bd7 9. e3 Bxb4 10. cxb4 Rxa1 11. Qxa1 O-O 12. Nf3 Qe7 13. Qa5 c6 14. b6 Na6 15. Bxa6 bxa6 16. b7 e5 17. Bxe5 Bg4 18. b8=Q Rxb8 19. Bxb8 Qe4 20. Nd2 Qe8 21. Be5 Nd7 22. Qc7 h5 23. h3 Bf5 24. Qxc6 Bd3 25. f3 Bb5 26. Qxd5 Qc8 27. Qb3 Qc1+ 28. Qd1 Qb2 29. Kf2 Nb6 30. Kg3 Nd5 31. Qc1 Qxb4 32. Qc8+ Kh7 33. Qf5+ Kg8 34. Rc1 Ne7 35. Qg5 f6 36. Bxf6 Qd6+ 37. Be5 1-0


[Site "https://www.chess.com"]

[Event "Titled Tuesday Blitz August 31 2021"]
[White "Goltsev, Dmitry"]
[Black "Real De Azua, Ernesto"]
[WhiteFideId "24176710"]
[BlackFideId "108154"]
[WhiteElo "2769"]
[BlackElo "2569"]
[Result "1-0"]
[Round "03"]
[TimeControl "180+1"]
[Date "2021.08.31"]
[WhiteClock "0:01:19"]
[BlackClock "0:00:23"]

1. e4 c6 2. d4 d5 3. Nc3 dxe4 4. Nxe4 Bf5 5. Ng3 Bg6 6. Nf3 Nf6 7. h4 Nh5 8. Ne2 Nd7 9. Nc3 h6 10. Bc4 e6 11. O-O Be7 12. g3 Qc7 13. Qe2 O-O-O 14. a3 Bd6 15. Re1 Rhe8 16. Ne5 Nxe5 17. dxe5 Bc5 18. g4 Qe7 19. Be3 Bxe3 20. Qxe3 Qxh4 21. gxh5 Qg4+ 22. Qg3 Qxc4 23. hxg6 Rd4 24. gxf7 Rf8 25. b3 Qc5 26. Ne4 Qxc2 27. Nd6+ Kc7 28. Re3 h5 29. Nb5+ 1-0


[Site "https://www.chess.com"]

[Event "Titled Tuesday Blitz August 31 2021"]
[White "Golubev, Mikhail"]
[Black "Krivonosov, Oleg"]
[WhiteFideId "14100983"]
[BlackFideId "11600349"]
[WhiteElo "2374"]
[BlackElo "2469"]
[Result "0-1"]
[Round "03"]
[TimeControl "180+1"]
[Date "2021.08.31"]
[WhiteClock "0:00:20"]
[BlackClock "0:00:37"]

1. e4 e5 2. Nf3 Nc6 3. Bb5 Nf6 4. O-O Nxe4 5. Re1 Nd6 6. Bf1 Be7 7. Nc3 O-O 8. d4 e4 9. Nxe4 Nxe4 10. Rxe4 d5 11. Re1 Bg4 12. c3 Bd6 13. h3 Bh5 14. Bd3 Bg6 15. Bxg6 hxg6 16. Ng5 Be7 17. Qg4 Bxg5 18. Bxg5 Qc8 19. Bf4 Qxg4 20. hxg4 Rac8 21. Re3 f6 22. Rae1 g5 23. Bg3 Kf7 24. f3 Rfd8 25. b4 a6 26. a4 Rd7 27. b5 axb5 28. axb5 Na5 29. R3e2 b6 30. Re6 Nc4 31. Rc6 Na5 32. Rce6 Nc4 33. Rc6 Na3 34. Kf2 Nxb5 35. Re3 Re7 36. Ke2 Rxe3+ 37. Kxe3 Re8+ 38. Kd3 Re6 39. Rxe6 Kxe6 40. c4 dxc4+ 41. Kxc4 Nd6+ 42. Kd3 Kd5 43. Bf2 Nb5 44. Be3 c6 45. Bf2 Nc7 46. Be3 Ne6 47. g3 b5 48. Kc3 b4+ 49. Kxb4 Nxd4 50. f4 Nc2+ 0-1


[Site "https://www.chess.com"]

[Event "Titled Tuesday Blitz August 31 2021"]
[White "Grachev, Boris"]
[Black "Solovchuk, Oleksiy"]
[WhiteFideId "4129199"]
[BlackFideId "14115220"]
[WhiteElo "2580"]
[BlackElo "2376"]
[Result "1-0"]
[Round "03"]
[TimeControl "180+1"]
[Date "2021.08.31"]
[WhiteClock "0:01:01"]
[BlackClock "0:00:07"]

1. d4 d5 2. Bf4 e6 3. e3 Bd6 4. Nf3 Bxf4 5. exf4 c5 6. dxc5 Qa5+ 7. Nbd2 Qxc5 8. Bd3 Nc6 9. c3 Nf6 10. O-O O-O 11. Re1 Re8 12. Qe2 Qb6 13. Nb3 a5 14. Nbd4 Bd7 15. Rad1 Nxd4 16. Nxd4 a4 17. a3 g6 18. Rd2 Qc7 19. Qe5 Qxe5 20. fxe5 Ng4 21. h3 Nh6 22. g4 Kg7 23. f4 Re7 24. Rg2 Kh8 25. Kf2 Rae8 26. h4 Ng8 27. h5 Kg7 28. Rh1 f6 29. hxg6 hxg6 30. Rgh2 f5 31. gxf5 gxf5 32. Be2 Kf8 33. Ke3 Rg7 34. Nf3 Rc8 35. Rh8 Ke7 36. Ng5 Bc6 37. R1h7 1-0


[Site "https://www.chess.com"]

[Event "Titled Tuesday Blitz August 31 2021"]
[White "Gunina, Valentina"]
[Black "Andreikin, Dmitry"]
[WhiteFideId "4167570"]
[BlackFideId "4158814"]
[WhiteElo "2399"]
[BlackElo "2782"]
[Result "1/2-1/2"]
[Round "03"]
[TimeControl "180+1"]
[Date "2021.08.31"]
[WhiteClock "0:00:29"]
[BlackClock "0:00:40"]

1. d4 Nf6 2. c4 e6 3. Nf3 d5 4. Nc3 Nbd7 5. Bg5 h6 6. Bh4 Be7 7. e3 O-O 8. Rc1 a6 9. cxd5 exd5 10. Bd3 c6 11. O-O Re8 12. Qc2 Ne4 13. Bg3 Nxg3 14. hxg3 Bd6 15. e4 dxe4 16. Nxe4 Nf6 17. Nxd6 Qxd6 18. Qb3 Be6 19. Qxb7 Bd5 20. Qb6 Reb8 21. Qc5 Qxc5 22. Rxc5 Rxb2 23. Ne5 Rd2 24. a4 h5 25. Rfc1 g5 26. a5 Ng4 27. R5c2 Rxc2 28. Rxc2 Kg7 29. Nxg4 hxg4 30. Rb2 Re8 31. Kf1 Rh8 32. Kg1 Re8 33. Kf1 Rh8 34. Kg1 Re8 1/2-1/2


[Site "https://www.chess.com"]

[Event "Titled Tuesday Blitz August 31 2021"]
[White "Gutenev, Alexander"]
[Black "Indjic, Aleksandar"]
[WhiteFideId "4195540"]
[BlackFideId "911925"]
[WhiteElo "2432"]
[BlackElo "2643"]
[Result "0-1"]
[Round "03"]
[TimeControl "180+1"]
[Date "2021.08.31"]
[WhiteClock "0:00:20"]
[BlackClock "0:00:52"]

1. e4 Nf6 2. e5 Nd5 3. d4 d6 4. c4 Nb6 5. exd6 exd6 6. Bd3 Be7 7. Ne2 Nc6 8. O-O O-O 9. b3 a5 10. a4 Nb4 11. Nbc3 c6 12. Be3 d5 13. c5 Nd7 14. Ng3 Re8 15. Re1 Nf8 16. h3 g6 17. Bf1 Bf6 18. Na2 Nxa2 19. Rxa2 Bd7 20. Rd2 b6 21. Rc2 Ne6 22. Ne2 Qb8 23. cxb6 Qxb6 24. Rc3 Qb4 25. Rd3 Bc8 26. Bd2 Qb6 27. Bc3 Ba6 28. Rf3 Bg7 29. h4 h5 30. g3 Bxe2 31. Rxe2 Nxd4 32. Rxe8+ Rxe8 33. Bxd4 Bxd4 34. Kg2 Qc5 35. Bd3 Kg7 36. Rf4 Bf6 37. Qf3 Qc3 38. g4 hxg4 39. Rxg4 Rh8 40. Qg3 Rxh4 41. Rxh4 Bxh4 42. Qe3 Qxb3 43. Be2 Qxe3 44. fxe3 Kf6 45. Kf3 Ke5 46. Ba6 f5 47. Bb7 c5 48. Ke2 g5 49. Kd3 g4 50. Ke2 c4 51. Ba6 Bg5 52. Bb5 Ke4 53. Bd7 Bxe3 54. Be8 Bc5 0-1


[Site "https://www.chess.com"]

[Event "Titled Tuesday Blitz August 31 2021"]
[White "Hansen, Sune Berg"]
[Black "Sriniaiyer, Sudarshan"]
[WhiteFideId "1400266"]
[BlackFideId "30937213"]
[WhiteElo "2708"]
[BlackElo "2326"]
[Result "1-0"]
[Round "03"]
[TimeControl "180+1"]
[Date "2021.08.31"]
[WhiteClock "0:01:54"]
[BlackClock "0:00:40"]

1. e4 c5 2. Nc3 Nc6 3. Bb5 Nd4 4. Nf3 Nxb5 5. Nxb5 d6 6. d4 a6 7. Nc3 cxd4 8. Qxd4 e5 9. Qd3 Nf6 10. Bg5 Be6 11. Bxf6 gxf6 12. O-O b5 13. Nd5 Bg7 14. Nh4 Rc8 15. c3 f5 16. Nxf5 Bxf5 17. exf5 O-O 18. Rad1 Rc4 19. Rfe1 Qg5 20. g3 h5 21. Ne3 Rc6 22. h4 Qd8 23. Qe2 Qf6 24. Qxh5 Qh6 25. Qxh6 Bxh6 26. Nd5 Rc4 27. Ne7+ Kg7 28. Rxd6 1-0


[Site "https://www.chess.com"]

[Event "Titled Tuesday Blitz August 31 2021"]
[White "Dronavalli, Harika"]
[Black "Eswaran, Ashritha"]
[WhiteFideId "5015197"]
[BlackFideId "2080788"]
[WhiteElo "2422"]
[BlackElo "2429"]
[Result "1-0"]
[Round "03"]
[TimeControl "180+1"]
[Date "2021.08.31"]
[WhiteClock "0:01:20"]
[BlackClock "0:00:31"]

1. Nf3 Nf6 2. c4 e6 3. g3 d5 4. Bg2 Be7 5. O-O O-O 6. b3 c5 7. Bb2 d4 8. e3 Nc6 9. exd4 cxd4 10. Re1 a5 11. d3 Qb6 12. Na3 Nd7 13. Nb5 e5 14. a3 Re8 15. Rb1 Bf8 16. Ng5 h6 17. Ne4 Na7 18. Nxa7 Rxa7 19. Bc1 f5 20. Nd2 Nf6 21. Nf3 Qc7 22. b4 axb4 23. axb4 Bd7 24. Nh4 Kh7 25. f4 Ba4 26. Qd2 exf4 27. Rxe8 Bxe8 28. Qxf4 Qxf4 29. Bxf4 g5 30. Be5 Ng4 31. Bxd4 Ra4 32. Nxf5 Rxb4 33. Rxb4 Bxb4 34. Bxb7 Bg6 35. Be4 h5 36. h3 Nh6 37. Nxh6 Kxh6 38. Bxg6 Kxg6 39. Kf2 Kf5 40. Be3 g4 41. hxg4+ hxg4 42. Ke2 Ke5 43. Bd2 Bd6 44. Bf4+ 1-0


[Site "https://www.chess.com"]

[Event "Titled Tuesday Blitz August 31 2021"]
[White "Harshavardhan G B"]
[Black "Visakh N R"]
[WhiteFideId "25059009"]
[BlackFideId "25012223"]
[WhiteElo "1825"]
[BlackElo "2428"]
[Result "0-1"]
[Round "03"]
[TimeControl "180+1"]
[Date "2021.08.31"]
[WhiteClock "0:00:03"]
[BlackClock "0:00:13"]

1. b3 b6 2. Bb2 Bb7 3. Nf3 d6 4. g3 e5 5. d3 g6 6. Bg2 Bg7 7. Nbd2 Ne7 8. e4 O-O 9. O-O h6 10. Nh4 g5 11. Nf5 Nxf5 12. exf5 Bxg2 13. Kxg2 Nd7 14. c4 d5 15. Qe2 Re8 16. Rfe1 Nc5 17. Rad1 Qd7 18. Ba3 Qxf5 19. Bxc5 bxc5 20. cxd5 Rad8 21. Ne4 Qd7 22. Rc1 f5 23. Nc3 Rf8 24. Qe3 f4 25. Qxc5 Qf7 26. Ne4 Rd7 27. d6 cxd6 28. Nxd6 Qh5 29. Ne4 Rdf7 30. Qd5 Kh8 31. Qc5 g4 32. Kh1 Qh3 33. Rg1 Rf5 34. Qxa7 Rh5 35. Rg2 f3 36. Rcg1 fxg2+ 37. Rxg2 Rhf5 38. a4 R5f7 39. Qc5 Qh5 40. a5 Qf5 41. a6 Qf3 42. Qc1 Qxd3 43. Nc5 Qd5 44. a7 Rxa7 45. b4 Rfa8 0-1


[Site "https://www.chess.com"]

[Event "Titled Tuesday Blitz August 31 2021"]
[White "Harutjunyan, Gevorg"]
[Black "Gabdushev, Ruslan"]
[WhiteFideId "13300873"]
[BlackFideId "4137833"]
[WhiteElo "2498"]
[BlackElo "2312"]
[Result "1-0"]
[Round "03"]
[TimeControl "180+1"]
[Date "2021.08.31"]
[WhiteClock "0:01:04"]
[BlackClock "0:00:08"]

1. e4 Nc6 2. Nf3 d6 3. d4 Bg4 4. d5 Nb8 5. Nc3 c6 6. h3 Bxf3 7. Qxf3 g6 8. h4 h5 9. Bc4 Nf6 10. Bg5 Bg7 11. e5 dxe5 12. O-O-O Qc8 13. Rhe1 O-O 14. d6 Qf5 15. dxe7 Re8 16. Qxf5 gxf5 17. Rxe5 Nbd7 18. Rxf5 Rxe7 19. Rxd7 Rxd7 20. Bxf6 Re8 21. Bd3 Bh6+ 22. Bg5 Bg7 23. Ne4 b6 24. Be3 Re5 25. Nf6+ Bxf6 26. Rxf6 c5 27. b3 Kg7 28. Rf3 f6 29. Rg3+ Kf7 30. Bc4+ Ke7 31. f4 Re4 32. Bd3 Rb4 33. a3 Rxd3 34. axb4 Rd5 35. bxc5 1-0


[Site "https://www.chess.com"]

[Event "Titled Tuesday Blitz August 31 2021"]
[White "Ibrahimli, Murad"]
[Black "Mitrabha, Guha"]
[WhiteFideId "13410229"]
[BlackFideId "5057000"]
[WhiteElo "2109"]
[BlackElo "2334"]
[Result "1-0"]
[Round "03"]
[TimeControl "180+1"]
[Date "2021.08.31"]
[WhiteClock "0:01:48"]
[BlackClock "0:01:27"]

1. Nf3 d5 2. d4 c6 3. Bf4 Bg4 4. Ne5 Bh5 5. g4 Bg6 6. h4 f6 7. Nxg6 hxg6 8. Qd3 Kf7 9. h5 gxh5 10. gxh5 e6 11. Qg6+ Ke7 12. Nc3 Nd7 13. O-O-O Nh6 14. e4 Qe8 15. exd5 Qxg6 16. d6+ Kd8 17. hxg6 Nb6 18. Re1 Nd5 19. Nxd5 exd5 20. Bh3 f5 21. Bxf5 1-0


[Site "https://www.chess.com"]

[Event "Titled Tuesday Blitz August 31 2021"]
[White "Ilyasli, Ughur"]
[Black "stanyga"]
[WhiteFideId "13416197"]
[WhiteElo "2051"]
[BlackElo "2675"]
[Result "0-1"]
[Round "03"]
[TimeControl "180+1"]
[Date "2021.08.31"]
[WhiteClock "0:00:20"]
[BlackClock "0:00:22"]

1. e4 c5 2. Nf3 d6 3. d4 cxd4 4. Nxd4 Nf6 5. Nc3 a6 6. Bg5 Nbd7 7. Bc4 Qc7 8. Bb3 Nc5 9. Bxf6 gxf6 10. Nd5 Qa5+ 11. c3 Rg8 12. Qh5 Rg6 13. Qxh7 e6 14. Ne3 Nd3+ 15. Ke2 Nf4+ 16. Kf3 Rh6 17. Qg8 Ng6 18. Nxe6 Bxe6 19. Bxe6 Ne5+ 20. Ke2 Qb5+ 21. Nc4 fxe6 22. Qxe6+ Kd8 23. b3 Nxc4 24. Qxc4 Qxc4+ 25. bxc4 Rc8 26. Kd3 Rh5 27. Rab1 Rc7 28. h4 Rhc5 29. h5 Bh6 30. Rb4 a5 31. Ra4 b5 32. cxb5 Rxc3+ 33. Kd4 Rc2 34. Rxa5 Rd2# 0-1


[Site "https://www.chess.com"]

[Event "Titled Tuesday Blitz August 31 2021"]
[White "Ismagilov, Damir"]
[Black "Pichot, Alan"]
[WhiteFideId "34199982"]
[BlackFideId "110973"]
[WhiteElo "2075"]
[BlackElo "2622"]
[Result "0-1"]
[Round "03"]
[TimeControl "180+1"]
[Date "2021.08.31"]
[WhiteClock "0:00:31"]
[BlackClock "0:01:16"]

1. d4 d5 2. Bf4 Nf6 3. e3 c5 4. c3 cxd4 5. exd4 Nc6 6. Nd2 Bf5 7. Qb3 Qc8 8. Ngf3 e6 9. Nh4 Bg6 10. Nxg6 hxg6 11. h3 Be7 12. Bd3 O-O 13. O-O Qd7 14. Rfe1 Bd6 15. Be5 Rfc8 16. Nf3 Bf8 17. Bxf6 gxf6 18. Qc2 Nb4 19. Qe2 Nxd3 20. Qxd3 b5 21. Rac1 a5 22. Rc2 Rc7 23. a3 Rac8 24. Rec1 Bh6 25. Nd2 Qc6 26. b4 axb4 27. axb4 Ra8 28. Rb1 Ra3 29. Nb3 Qc4 30. Qxc4 Rxc4 31. Kf1 Bf8 32. Ra1 Rxb3 33. Rb2 Rxb2 0-1


[Site "https://www.chess.com"]

[Event "Titled Tuesday Blitz August 31 2021"]
[White "Ivanchuk, Vasyl"]
[Black "Khabinets, Ivan"]
[WhiteFideId "14100010"]
[BlackFideId "14115980"]
[WhiteElo "2753"]
[BlackElo "2506"]
[Result "1-0"]
[Round "03"]
[TimeControl "180+1"]
[Date "2021.08.31"]
[WhiteClock "0:01:10"]
[BlackClock "0:00:01"]

1. e4 c5 2. Nf3 d6 3. d4 cxd4 4. Nxd4 Nf6 5. f3 e5 6. Nb3 d5 7. Bg5 Be6 8. Bxf6 gxf6 9. exd5 Qxd5 10. Qxd5 Bxd5 11. Nc3 Be6 12. Nb5 Kd7 13. O-O-O Kc8 14. Bd3 Nc6 15. Rhe1 Rg8 16. g4 h5 17. h3 Bb4 18. c3 Be7 19. Be4 hxg4 20. hxg4 a6 21. Nd6+ Bxd6 22. Rxd6 Kc7 23. Red1 Nd4 24. Nxd4 Kxd6 25. Nxe6+ Kxe6 26. Bf5+ Ke7 27. Rd7+ Kf8 28. Rxb7 Kg7 29. b4 Rgf8 30. Kb2 Kh6 31. a4 Kg5 32. a5 Kf4 33. Be4 Rad8 34. Rb6 f5 35. gxf5 Rd2+ 36. Kb3 1-0


[Site "https://www.chess.com"]

[Event "Titled Tuesday Blitz August 31 2021"]
[White "Jaracz, Pawel"]
[Black "Xiong, Jeffery"]
[WhiteFideId "1102222"]
[BlackFideId "2047640"]
[WhiteElo "2495"]
[BlackElo "2724"]
[Result "1/2-1/2"]
[Round "03"]
[TimeControl "180+1"]
[Date "2021.08.31"]
[WhiteClock "0:00:09"]
[BlackClock "0:00:05"]

1. e4 c6 2. d4 d5 3. Nc3 dxe4 4. Nxe4 Nf6 5. Nxf6+ exf6 6. c3 Bd6 7. Bd3 O-O 8. Be3 Re8 9. Ne2 Nd7 10. O-O Nf8 11. Ng3 Be6 12. Qh5 Qd7 13. Nf5 Bc7 14. Qf3 g6 15. Ng3 f5 16. Ne2 Bd5 17. Qh3 Ne6 18. Qh6 b5 19. b3 Rab8 20. Rad1 Be4 21. Qh4 Qd5 22. c4 bxc4 23. bxc4 Qd8 24. Qxd8 Rexd8 25. Bxe4 fxe4 26. Nc3 Rb4 27. d5 cxd5 28. cxd5 Nf4 29. d6 Rxd6 30. Rxd6 Bxd6 31. Bxf4 Bxf4 32. Nd5 Ra4 33. Nxf4 Rxa2 34. h4 a5 35. Rc1 a4 36. Rc4 f5 37. Rc7 a3 38. Ra7 Kf8 39. Ne6+ Ke8 40. g3 h6 41. Kf1 Ra1+ 42. Kg2 a2 43. Nf4 g5 44. hxg5 hxg5 45. Ne6 f4 46. gxf4 gxf4 47. Nxf4 Kd8 48. Ne2 Kc8 49. Nc3 e3 50. fxe3 Re1 51. Rxa2 Rxe3 52. Rc2 Re5 53. Kf3 Kd7 54. Ne4 Rf5+ 55. Ke3 Ra5 56. Rh2 Ra3+ 57. Kf4 Ra4 58. Rh6 Kc7 59. Ke5 Ra5+ 60. Kd4 Ra1 61. Nc5 Rd1+ 62. Nd3 Rd2 63. Kc4 Rc2+ 64. Kd5 Rd2 65. Rh7+ Kb6 66. Kc4 Rc2+ 67. Kb3 Rd2 68. Rh6+ Kb5 69. Rh5+ Kb6 70. Nb2 Rg2 71. Nc4+ Kc6 72. Kb4 Rg4 73. Rc5+ Kd7 74. Kb5 Rg1 75. Rf5 Ke6 76. Re5+ Kf6 77. Re2 Rc1 78. Kc5 Kf5 79. Kd4 Rd1+ 80. Nd2 Kf4 81. Rf2+ Kg5 82. Ke3 Re1+ 83. Kf3 Kf5 84. Nf1 Ke5 85. Ne3 Ke6 86. Rd2 Ke5 87. Rd5+ Ke6 88. Ra5 Kd6 89. Ke4 Kc6 90. Kd4 Rh1 91. Rc5+ Kd6 92. Nc4+ Ke6 93. Re5+ Kd7 94. Ne3 Ra1 95. Rh5 Ra4+ 96. Nc4 Ke6 97. Re5+ Kf6 98. Rc5 Ke6 99. Ke4 Rb4 100. Rc6+ Kd7 101. Kd5 Rb5+ 1/2-1/2


[Site "https://www.chess.com"]

[Event "Titled Tuesday Blitz August 31 2021"]
[White "Jarovinsky, Alexey"]
[Black "Suvorov, Luca"]
[WhiteFideId "14115131"]
[BlackFideId "12977071"]
[WhiteElo "2446"]
[BlackElo "2127"]
[Result "1-0"]
[Round "03"]
[TimeControl "180+1"]
[Date "2021.08.31"]
[WhiteClock "0:00:42"]
[BlackClock "0:00:02"]

1. Nc3 d5 2. e4 d4 3. Nce2 c5 4. Ng3 e5 5. Bc4 a6 6. d3 b5 7. Bd5 Ra7 8. a4 Rd7 9. axb5 axb5 10. Ra8 Bb7 11. Bxb7 Rxb7 12. f4 g6 13. Nf3 Bg7 14. Nxe5 Bxe5 15. fxe5 h5 16. O-O h4 17. Ne2 Ne7 18. Bg5 Rh5 19. Bf6 Qc7 20. Nf4 Rh7 21. Nd5 Nxd5 22. exd5 Ra7 23. Rxa7 Qxa7 24. e6 Qb7 25. Qg4 Qxd5 26. exf7+ Kxf7 27. Be5+ Ke7 28. Qxg6 h3 1-0


[Site "https://www.chess.com"]

[Event "Titled Tuesday Blitz August 31 2021"]
[White "Jobava, Baadur"]
[Black "Mikhnenko, Alexander"]
[WhiteFideId "13601520"]
[BlackFideId "34143014"]
[WhiteElo "2748"]
[BlackElo "2135"]
[Result "1-0"]
[Round "03"]
[TimeControl "180+1"]
[Date "2021.08.31"]
[WhiteClock "0:01:35"]
[BlackClock "0:00:06"]

1. e4 c5 2. c4 d6 3. Ne2 Nc6 4. d4 cxd4 5. Nxd4 g6 6. Nc3 Bg7 7. Be3 Nf6 8. Be2 Bd7 9. O-O O-O 10. Rc1 Rc8 11. f3 a6 12. Qd2 Qa5 13. b3 Rfd8 14. Rfd1 Be8 15. Na4 Qxd2 16. Rxd2 Nxd4 17. Bxd4 Bxa4 18. bxa4 Nd7 19. Be3 Nc5 20. a5 Rc7 21. Kf2 Rdc8 22. Rdc2 Kf8 23. Rb1 h5 24. Rb4 Ne6 25. Ke1 Bd4 26. Bd2 Bc5 27. Rb1 Ba3 28. Bc3 Bc5 29. Rcb2 Rb8 30. Rd1 Ke8 31. g3 Kd7 32. f4 Kc8 33. h4 b6 34. f5 Nd8 35. Rdb1 Rcb7 36. fxg6 fxg6 37. g4 hxg4 38. Bxg4+ Kc7 39. e5 Nc6 40. exd6+ exd6 41. axb6+ Rxb6 42. Rxb6 Rxb6 43. Rxb6 Kxb6 44. Bf6 Ne5 45. Be6 Kc7 46. Ke2 Bd4 47. Bg5 Nc6 48. Bf7 Ne5 49. Bd5 Kd7 50. a4 Bc3 51. Ke3 Bb2 52. Ke4 Ke8 53. Bb7 a5 54. Kd5 Kd7 55. Bd2 Nf3 56. Bc6+ Kc7 57. Bxa5+ Kc8 58. Kxd6 Nxh4 59. Bd7+ Kb8 60. c5 Nf5+ 61. Kc6 Nd4+ 62. Kb6 Nb3 63. Bb4 Bd4 64. a5 Nxa5 65. Bxa5 Bxc5+ 66. Kxc5 g5 67. Kb6 g4 68. Bb4 g3 69. Bd6+ Ka8 70. Bc6# 1-0


[Site "https://www.chess.com"]

[Event "Titled Tuesday Blitz August 31 2021"]
[White "Jovic, Stanoje"]
[Black "Tristan, Leonardo"]
[WhiteFideId "905020"]
[BlackFideId "113816"]
[WhiteElo "2286"]
[BlackElo "2404"]
[Result "1/2-1/2"]
[Round "03"]
[TimeControl "180+1"]
[Date "2021.08.31"]
[WhiteClock "0:00:06"]
[BlackClock "0:00:05"]

1. c4 e6 2. g3 d5 3. Bg2 Nf6 4. Nf3 Be7 5. O-O O-O 6. d4 dxc4 7. Ne5 Qd6 8. Nxc4 Qa6 9. b3 Rd8 10. Bb2 c5 11. e3 cxd4 12. exd4 Bd7 13. Re1 Bc6 14. Bf1 Bd5 15. Nc3 Nc6 16. Nxd5 Nxd5 17. a3 Bf6 18. Rc1 Nce7 19. b4 Qc6 20. Qe2 Qd7 21. Ne5 Bxe5 22. dxe5 Rac8 23. Bg2 Qa4 24. Qd1 Rxc1 25. Bxc1 Qxd1 26. Rxd1 Rc8 27. Be3 b6 28. Bxd5 Nxd5 29. Rc1 Rxc1+ 30. Bxc1 Kf8 31. Kf1 Ke8 32. Ke2 Kd7 33. Kd3 Kc6 34. Kc4 a6 35. g4 Ne7 36. f4 h6 37. Be3 Nd5 38. Bd2 Nc7 39. h4 h5 40. gxh5 Nd5 41. a4 b5+ 42. axb5+ axb5+ 43. Kd4 Ne7 44. Ke4 Nf5 45. Be1 Kd7 46. Bf2 Ke8 47. Kf3 Kf8 48. Kg4 Kg8 49. Bc5 Kh7 50. Bf2 Kh6 51. Bc5 f6 52. exf6 gxf6 53. Bf8+ Kh7 54. Bc5 Nh6+ 55. Kg3 Nf7 56. Kg4 f5+ 57. Kg3 Kh6 58. Be7 Kxh5 59. Bg5 Nd6 60. Kf3 Nc4 61. Ke2 Nb6 62. Kd3 Nd5 63. Kd4 Nxb4 64. Kc5 Nd5 65. Kxb5 Kg4 66. Kc5 Nxf4 67. Kd6 Nh3 68. Bd8 f4 69. Kxe6 f3 70. Bb6 Nf4+ 71. Ke5 Ng6+ 72. Ke4 Kg3 73. h5 Nf8 74. h6 Ne6 75. Ke5 Ng5 76. Kf5 Nh7 77. Kg6 Nf8+ 78. Kf7 Nh7 79. Kg7 Ng5 80. Kg6 Ne6 81. Kf7 Ng5+ 82. Kg6 Ne6 83. Kf7 Ng5+ 84. Kg6 1/2-1/2


[Site "https://www.chess.com"]

[Event "Titled Tuesday Blitz August 31 2021"]
[White "Karthikeyan, Murali"]
[Black "Krasilnikov, Evgeni"]
[WhiteFideId "5074452"]
[BlackFideId "4139739"]
[WhiteElo "2744"]
[BlackElo "2488"]
[Result "0-1"]
[Round "03"]
[TimeControl "180+1"]
[Date "2021.08.31"]
[WhiteClock "0:00:01"]
[BlackClock "0:00:03"]

1. d4 Nf6 2. Bg5 Ne4 3. h4 c5 4. d5 Qb6 5. Bc1 d6 6. g3 g6 7. Bg2 Nf6 8. Nc3 Bg7 9. Nh3 O-O 10. Nf4 h5 11. f3 Nbd7 12. g4 hxg4 13. h5 gxf3 14. exf3 Ne5 15. Qd2 Bf5 16. Qf2 Rfc8 17. Bh3 Bxh3 18. Rxh3 g5 19. Nfe2 g4 20. fxg4 Nfxg4 21. Qg2 Kh7 22. Rg3 f5 23. Bf4 Qxb2 24. Rb1 Qa3 25. Ne4 Qxa2 26. Ng5+ Kg8 27. Nc3 Qa5 28. Rxb7 Nc4 29. Rxe7 Bxc3+ 30. Ke2 Re8 31. Rxe8+ Rxe8+ 32. Ne6 Be5 33. Rxg4+ Kh8 34. Bxe5+ dxe5 35. Rg6 Qd2+ 36. Kf3 Qe3# 0-1


[Site "https://www.chess.com"]

[Event "Titled Tuesday Blitz August 31 2021"]
[White "Khanin, Semen"]
[Black "Spyropoulos, Nikolaos"]
[WhiteFideId "4111990"]
[BlackFideId "4298977"]
[WhiteElo "2766"]
[BlackElo "2547"]
[Result "1-0"]
[Round "03"]
[TimeControl "180+1"]
[Date "2021.08.31"]
[WhiteClock "0:01:15"]
[BlackClock "0:00:42"]

1. e4 e6 2. d4 d5 3. e5 c5 4. c3 Nc6 5. Nf3 Bd7 6. Be2 Nge7 7. O-O Ng6 8. g3 Be7 9. h4 O-O 10. h5 Nh8 11. h6 g6 12. dxc5 f6 13. exf6 Rxf6 14. Bg5 Rf7 15. Bxe7 Qxe7 16. b4 Raf8 17. Nbd2 Rf6 18. Nb3 Nf7 19. Qd2 e5 20. b5 Ncd8 21. Qxd5 Be6 22. Qe4 Bf5 23. Qe3 Bg4 24. Nbd2 Ne6 25. Ne4 Rf5 26. Rad1 Nf4 27. gxf4 Rxf4 28. Ng3 Nxh6 29. Qxe5 Qxe5 30. Nxe5 Bxe2 31. Nxe2 Re4 32. Nd7 Rf5 33. Ng3 1-0


[Site "https://www.chess.com"]

[Event "Titled Tuesday Blitz August 31 2021"]
[White "Khoroshev, Nikita"]
[Black "Kuzubov, Yuriy"]
[WhiteFideId "14200287"]
[BlackFideId "14112906"]
[WhiteElo "2328"]
[BlackElo "2564"]
[Result "0-1"]
[Round "03"]
[TimeControl "180+1"]
[Date "2021.08.31"]
[WhiteClock "0:00:04"]
[BlackClock "0:00:06"]

1. d4 Nf6 2. Nf3 e6 3. Bf4 c5 4. e3 Nc6 5. c3 Nh5 6. Bg5 Qb6 7. b3 h6 8. Bh4 g5 9. Bg3 Nxg3 10. hxg3 Bg7 11. Nbd2 d5 12. Bd3 Bd7 13. Rc1 cxd4 14. exd4 g4 15. Nh4 h5 16. f3 e5 17. Bf5 O-O-O 18. Bxd7+ Rxd7 19. Nf5 Bf6 20. c4 Kb8 21. cxd5 Rxd5 22. Ne4 Be7 23. fxg4 exd4 24. Nxe7 Nxe7 25. Qf3 d3 26. Kd1 Qa5 27. a4 Qb4 28. Qf4+ Ka8 29. Nd2 Rd4 30. Qf6 Rhd8 31. Rxh5 Nc6 32. Rxc6 bxc6 33. Qxc6+ Qb7 34. Qxb7+ Kxb7 35. Rf5 R8d7 36. g5 Rg4 37. Nf1 Kc7 38. Kd2 Rb4 39. Kc3 Rg4 40. Kd2 Kd8 41. a5 Ke8 42. Rb5 Kf8 43. a6 Re4 44. Ne3 Rxe3 45. Kxe3 d2 0-1


[Site "https://www.chess.com"]

[Event "Titled Tuesday Blitz August 31 2021"]
[White "Kim, Sergey"]
[Black "Vachier-Lagrave, Maxime"]
[WhiteFideId "13700570"]
[BlackFideId "623539"]
[WhiteElo "2473"]
[BlackElo "2850"]
[Result "0-1"]
[Round "03"]
[TimeControl "180+1"]
[Date "2021.08.31"]
[WhiteClock "0:00:18"]
[BlackClock "0:01:17"]

1. d4 d5 2. c4 e6 3. Nc3 Nf6 4. Nf3 Bb4 5. e3 O-O 6. Bd3 dxc4 7. Bxc4 c5 8. O-O Nc6 9. a3 Bxc3 10. bxc3 Qc7 11. Qe2 e5 12. Bb2 Bg4 13. h3 Bh5 14. g4 Bg6 15. Rac1 Rad8 16. Rfd1 Rfe8 17. d5 Na5 18. Bb5 Re7 19. c4 Ne4 20. Ba4 f6 21. Nh4 Nd6 22. Nxg6 hxg6 23. Bc2 Kf7 24. Bb1 Rh8 25. Kg2 b6 26. Ba2 e4 27. Bc3 Nab7 28. Rh1 Rh4 29. Rcf1 Re8 30. f4 exf3+ 31. Qxf3 Ne4 32. Be1 Rhh8 33. Bb1 Qe5 34. Qf4 Nbd6 35. Qxe5 Rxe5 36. Bd3 g5 37. Rf3 Rhe8 38. h4 gxh4 39. Rxh4 Ng5 40. Rg3 Rxe3 41. Rxe3 Rxe3 0-1


[Site "https://www.chess.com"]